[Event "Czech Open-Rapid 2022"]
[Site "Pardubice"]
[Date "2022.07.20"]
[Round "1.31"]
[White "Koska, Jiri"]
[Black "Vokoun, Jan"]
[Result "1-0"]
[ECO "A04"]
[WhiteElo "1856"]
[BlackElo "2056"]
[Annotator "TA"]
[PlyCount "87"]
[EventDate "2022.07.20"]
[EventType "swiss"]
[EventCountry "CZE"]
[SourceTitle "playchess.com"]
[Source "ChessBase"]
[SourceQuality "1"]
[TimeControl "1200+10"]

1. Nf3 c5 2. g3 b6 3. Bg2 Bb7 4. O-O Nf6 5. d3 e6 6. e4 d6 7. Nbd2 Be7 8. Re1 Nbd7 {[%emt 0:00:16] A05: Réti Opening: 1 Nf3 Nf6.} 9. e5 dxe5 10. Nxe5 (10. b3 {seems wilder.} Qc7 11. Bb2 O-O 12. Qe2) 10... Bxg2 {[%emt 0:00:03] The position is equal.} 11. Kxg2 Nxe5 12. Rxe5 Qc7 13. Re1 (13. Qf3 $5 O-O 14. Re2 $11) 13... O-O {[%emt 0:00:17] [#]} 14. Kg1 $146 ({Predecessor:} 14. Qf3 Rfd8 15. Nc4 Nd5 16. c3 Bf6 17. a4 a6 18. Nd2 h6 19. Ne4 Be7 20. h4 {1-0 (40) Vlachos,A (2410)-Strybuk,A (2296) Chess.com INT 2022}) 14... Rfd8 15. Qf3 Rac8 16. Ne4 Nd5 17. a3 Qd7 18. Qe2 Nc7 19. Be3 Nb5 20. Red1 {[%emt 0:00:38] [#]} (20. Nd2 $15) 20... Nd4 $1 $17 21. Bxd4 cxd4 22. c3 (22. Rdc1 $15) 22... f5 $19 23. Nd2 dxc3 24. bxc3 Rxc3 25. Nc4 Bf6 26. Re1 (26. Rac1 $17 {was necessary.}) 26... Rxd3 27. Ne5 Bxe5 28. Qxe5 Rd6 29. Rac1 h6 30. Rb1 Qb7 31. a4 Qd5 32. Qe3 (32. Qxd5 $142 exd5 33. Kf1) 32... Kf7 33. Ra1 Rc8 34. a5 Rc4 35. axb6 axb6 36. Ra7+ Kg6 37. Raa1 (37. Qa3 $142) 37... Re4 38. Qc3 Rxe1+ 39. Rxe1 {[%emt 0:00:01] KQR-KQR} Rc6 40. Qb2 Kf7 41. Ra1 Rd6 (41... Qd7 $19 {[%cal Ob6b5] Strongly threatening ...b5!} 42. Rb1 Rd6) 42. Ra7+ $17 Kg6 $2 {[%emt 0:00:00][%mdl 8192] [#]} (42... Rd7 $17 43. Qxb6 Rxa7 44. Qxa7+ Kf6) 43. Rxg7+ Kh5 44. Qe2+ {[%emt 0:00:03] White used his chance.  Weighted Error Value: White=0.21 (precise) /Black=0.35} 1-0

[Event "Czech Open-Rapid 2022"]
[Site "Pardubice"]
[Date "2022.07.20"]
[Round "1.32"]
[White "Silar, Lubomir"]
[Black "Nyc Voldanova, Barbora"]
[Result "1-0"]
[ECO "A40"]
[WhiteElo "1993"]
[BlackElo "1438"]
[Annotator "TA"]
[PlyCount "51"]
[EventDate "2022.07.20"]
[EventType "swiss"]
[EventCountry "CZE"]
[SourceTitle "playchess.com"]
[Source "ChessBase"]
[SourceQuality "1"]
[TimeControl "1200+10"]

1. d4 e6 2. e4 b6 3. Bd3 Bb7 4. Nc3 Nf6 5. Nf3 Bb4 6. Qe2 d5 7. e5 Ne4 8. Bd2 (8. Bxe4 $2 dxe4 9. Ng5 (9. Qb5+ $2 Nc6 $19) 9... Qxd4 $17) 8... Nxc3 {[%emt 0:00:35] B00: Queen's Fianchetto Defence, Nimzowitsch Defence.} 9. bxc3 {[%emt 0:00:05] [#]} Ba3 $146 ({Predecessor:} 9... Be7 10. h4 h6 11. Ng1 c5 12. Qg4 Bf8 13. Nh3 Nc6 14. Nf4 cxd4 15. cxd4 Nxd4 16. Ng6 fxg6 17. Bxg6+ {1-0 (48) Sharashenidze,A (2304)-Blatny,P (2414) Austria 2015}) 10. O-O Nd7 ({Better is} 10... Be7 $14) 11. Ng5 $1 $16 {[%emt 0:02:16] Hoping for f4.} h6 $2 {[%emt 0:00:33] [#]} (11... Qe7 $16) 12. Nh3 $2 (12. Qh5 $1 $18 O-O 13. Nf3 (13. Bh7+ Kh8 $11)) 12... c5 (12... Qe7 $1 $11) 13. Qg4 $1 $36 {[%emt 0:00:37][%mdl 2048] White fights for an advantage.} Kf8 (13... g5 $2 14. Qh5 Qe7 {[#]} 15. Bxg5 $1 $18 ) 14. f4 {[%emt 0:00:58] Strongly threatening f5. 0x0.001680f72cabdp-1022s more active pieces.} cxd4 (14... f5 $16 {was necessary.} 15. exf6 Nxf6 16. Qxe6 Qe7 17. Qxe7+ Kxe7) 15. cxd4 $18 {[%emt 0:00:18] f5 is the strong threat.} Bb2 $2 (15... f5 16. exf6 Nxf6 17. Qxe6 Qd6) 16. f5 exf5 17. Bxf5 Bxa1 18. Rxa1 Bc8 19. Rf1 a5 $2 (19... Kg8 20. Nf4 Qg5) 20. Nf4 Qe7 21. Nxd5 Qd8 22. e6 fxe6 23. Bxe6+ {[%emt 0:00:36] White mates.} Nf6 {[%emt 0:00:02] [#]} 24. Rxf6+ $1 gxf6 {[%emt 0:00:04] [#]} (24... Qxf6 25. Nxf6) 25. Bxh6+ $1 {[%emt 0:00:05][%mdl 512] This bishop pair is nice.} Ke8 26. Qg6# {[%emt 0:00:07] Weighted Error Value: White=0.58/Black=1.09} 1-0

[Event "Czech Open-Rapid 2022"]
[Site "Pardubice"]
[Date "2022.07.20"]
[Round "1.33"]
[White "Kutek, Jiri"]
[Black "Schatz, Christian"]
[Result "0-1"]
[ECO "B05"]
[WhiteElo "1627"]
[BlackElo "2137"]
[Annotator "TA"]
[PlyCount "90"]
[EventDate "2022.07.20"]
[EventType "swiss"]
[EventCountry "CZE"]
[SourceTitle "playchess.com"]
[Source "ChessBase"]
[SourceQuality "1"]
[TimeControl "1200+10"]

1. e4 Nf6 2. e5 Nd5 3. Nf3 d6 4. d4 Bg4 5. Be2 e6 6. O-O Be7 7. h3 Bh5 8. c4 Nb6 9. b3 O-O 10. Nc3 Nc6 11. exd6 cxd6 12. Be3 d5 13. c5 Nc8 {[%emt 0:00:08][%cal Bb6c8,Bc8e7,Be7f5,Bf5e3][%mdl 32] The main line 13...Nc8 scores better than 13...Nd7.} 14. a3 {[%emt 0:01:29] [#] is the legacy move (14.Rb1). B05: Alekhine's Defence: 4 Nf3 Bg4.} a6 $146 ({Predecessor:} 14... Bxf3 15. Bxf3 Bf6 16. Rc1 N8e7 17. g4 Bh4 18. Bg2 g5 19. f4 gxf4 20. Bxf4 Ng6 21. Be3 Bg5 {½-½ (67) Bacallao Alonso,Y (2580)-Hernandez Carmenates,H (2570) Havana 2012}) 15. Nh2 Bxe2 16. Qxe2 {[%emt 0:00:22] White is slightly better.} Bf6 17. Rfd1 N8e7 18. Ng4 Nf5 19. Rab1 (19. Nxf6+ $11 {was the only way to keep the balance.} Qxf6 20. Qf3) 19... Ncxd4 20. Qd3 Nxe3 21. fxe3 {[%emt 0:00:05] [#]} Nc6 $1 22. Ne2 Ne5 23. Nxe5 Bxe5 24. Nf4 (24. b4 $17 {might work better.}) 24... Qc7 $19 25. Ne2 Qxc5 26. b4 Qb5 27. Qd2 Rac8 28. Rdc1 Rc4 29. Rxc4 dxc4 (29... Qxc4 $2 {too greedy.} 30. Nf4 $19) 30. Nc3 Qc6 31. Rd1 g6 32. Kf2 Bf6 33. Qc2 b5 34. Ne4 Be7 35. Qc3 (35. Nd2 $142) 35... f5 (35... Qxe4 $142 36. Rd7 Bh4+ 37. g3 Qf5+ 38. Ke2 Bxg3) 36. Ng3 (36. Nc5 $142 f4 37. exf4 Rxf4+ 38. Kg1) 36... Bh4 {[%emt 0:00:57] [#] ...Qc7 is the strong threat.} 37. Qd4 Bf6 38. Qd2 (38. Qd7 $142 Qxd7 39. Rxd7) 38... c3 39. Qc2 Bh4 {[%emt 0:00:09] And now ...f4 would win.} 40. Rd3 f4 41. exf4 Rxf4+ 42. Kg1 Rc4 43. Ne2 Qb6+ 44. Kh1 Qf2 45. Rd8+ Bxd8 {Weighted Error Value: White=0.97/Black=0.42} 0-1

[Event "Czech Open-Rapid 2022"]
[Site "Pardubice"]
[Date "2022.07.20"]
[Round "1.34"]
[White "Gressmann, Moritz"]
[Black "Krejci, Jan"]
[Result "1-0"]
[ECO "C00"]
[WhiteElo "2114"]
[BlackElo "2511"]
[Annotator "TA"]
[PlyCount "36"]
[EventDate "2022.07.20"]
[EventType "swiss"]
[EventCountry "CZE"]
[SourceTitle "playchess.com"]
[Source "ChessBase"]
[SourceQuality "1"]
[TimeControl "1200+10"]

1. e4 e6 2. c4 c6 3. e5 d6 4. exd6 Bxd6 5. d4 Nf6 6. Nf3 {[%emt 0:00:05] [#] B10: Caro-Kann: 2 d3 and 2 c4.} b6 $146 ({Predecessor:} 6... Nbd7 7. Nc3 O-O 8. Be2 e5 9. O-O exd4 10. Qxd4 Qc7 11. Rd1 Bc5 12. Qh4 Nb6 {1-0 (26) Stjazhkina,O (2207)-Talmaci,A (1696) Varna 2014}) 7. Nc3 Bb7 8. Be2 Nbd7 9. Bg5 h6 10. Bh4 g5 ({Black should play} 10... O-O $11) 11. Bg3 $14 Bxg3 (11... Qc7 $14 {should be considered.}) 12. hxg3 $16 Qe7 13. Nxg5 $1 O-O-O {[%emt 0:00:42] [#]} 14. Nf3 {[%emt 0:00:37] White is more active.} e5 (14... c5 $142) 15. O-O h5 16. Qa4 {[%emt 0:02:40] aiming for dxe5.} exd4 17. Nxd4 Qc5 (17... Kb8 $16 {is a better defense.}) 18. Nb3 $2 {[%emt 0:00:32] [#]} (18. Rad1 $18 {b4 is the strong threat.} a5 19. Qc2) 18... Qe7 $2 {Weighted Error Value: White=0.41/Black=0.33} (18... Qg5 $1 $11 {and Black stays safe.}) 1-0

[Event "Czech Open-Rapid 2022"]
[Site "Pardubice"]
[Date "2022.07.20"]
[Round "1.35"]
[White "Vetter, Udo"]
[Black "Polak, Benedikt"]
[Result "0-1"]
[ECO "A37"]
[WhiteElo "1423"]
[BlackElo "2120"]
[Annotator "TA"]
[PlyCount "72"]
[EventDate "2022.07.20"]
[EventType "swiss"]
[EventCountry "CZE"]
[SourceTitle "playchess.com"]
[Source "ChessBase"]
[SourceQuality "1"]
[TimeControl "1200+10"]

1. c4 c5 2. Nf3 Nc6 3. Nc3 g6 4. g3 Bg7 5. Bg2 e6 6. O-O Nge7 7. e3 O-O 8. d4 cxd4 9. exd4 d5 10. cxd5 Nxd5 11. Re1 {[%emt 0:00:36] A37: Symmetrical English vs ...g6: 4 Bg2 Bg7 5 Nf3.} Nb6 {[%emt 0:03:26] [#]} (11... Qb6 $11) 12. Be3 $146 (12. Bg5 $14 f6 13. Be3) ({Predecessor:} 12. Bg5 Qd6 13. Ne4 Qb4 14. b3 Nd5 15. Rc1 h6 16. Rc4 Qb6 17. Bc1 Rd8 18. Qe2 Nde7 {½-½ (43) Mihir Lal,D (1988)-Masum,H (2028) Dhaka 2022}) 12... Nc4 $11 13. Rb1 {[%emt 0:00:47] The position is equal.} Nxe3 14. fxe3 Qa5 15. Qb3 Rd8 16. Qb5 Qc7 17. Rbc1 a6 (17... Bd7 $5 ) 18. Qe2 Qe7 19. Ne4 (19. a3 $11 {keeps the balance.}) 19... e5 $17 20. dxe5 Nxe5 21. Nd4 Bg4 22. Qc2 Rac8 23. Qb3 Bh6 {[%emt 0:00:20][%cal Bg7h6,Bh6c1,Bc1b2,Bb2e5][%mdl 32] A strong pair of Bishops.} 24. h3 Rxc1 25. Rxc1 Bf5 $36 {[%emt 0:00:01][%mdl 2048] White is under strong pressure.} 26. Nc5 {[%emt 0:00:33][%mdl 8192] [#] White does not recover from this.} (26. Nxf5 $17 gxf5 27. Nf2) 26... Rxd4 27. exd4 Bxc1 28. dxe5 (28. Qc3 Qg5 29. dxe5) 28... Qxc5+ $19 29. Kh2 b5 30. Qf3 Bxb2 31. Qa8+ Kg7 32. Qxa6 Bxe5 33. Qb7 Qf2 34. Qf3 Qxf3 35. Bxf3 b4 {[%emt 0:00:07] [#] ( -> ...Be6)} 36. Kg2 Be6 {[%emt 0:00:04] Weighted Error Value: White=1.45/Black=0.47} 0-1

[Event "Czech Open-Rapid 2022"]
[Site "Pardubice"]
[Date "2022.07.20"]
[Round "1.36"]
[White "Ptacek, Lubos"]
[Black "Koupil, Stepan"]
[Result "0-1"]
[ECO "C54"]
[WhiteElo "2049"]
[BlackElo "1450"]
[Annotator "TA"]
[PlyCount "36"]
[EventDate "2022.07.20"]
[EventType "swiss"]
[EventCountry "CZE"]
[SourceTitle "playchess.com"]
[Source "ChessBase"]
[SourceQuality "1"]
[TimeControl "1200+10"]

1. e4 e5 2. Nf3 Nc6 3. Bc4 Bc5 4. c3 Nf6 5. d3 O-O 6. b4 Bb6 {[%emt 0:00:26] 6...Be7 gains popularity.} 7. a4 a6 8. O-O {[%emt 0:00:23] C54: Giuoco Piano: 4 c3 Nf6, main lines with 5 d4 and 5 d3.} d5 {[%emt 0:00:29] has lost popularity (8...d6).} 9. exd5 Nxd5 10. h3 {[%emt 0:00:43] Inhibits Bg4. White is slightly better.} (10. Qb3 $5 Nf6 11. a5 $11) 10... Re8 {[%emt 0:01:11] [#]} (10... h6 $11) 11. Qb3 $146 ({Predecessor:} 11. Re1 Ba7 12. Bb2 Nf6 13. Nbd2 Bf5 14. b5 Na5 15. Ba2 e4 16. dxe4 Nxe4 17. Nxe4 Bxe4 {0-1 (24) Blauhut,A (1156)-Dingertz,F (1111) Sarpsborg 2019}) 11... Be6 12. Ng5 Nf4 (12... a5 $16 {might work better.}) 13. Bxf4 $18 exf4 14. Bxe6 (14. Nxe6 $18 fxe6 15. a5 (15. Bxe6+ Kh8 $16)) 14... Qxg5 $14 (14... fxe6 $2 15. Nxe6 Rxe6 16. Qxe6+ $18) 15. Bxf7+ Kh8 {[%emt 0:00:58][%cal Of4f3] ( -> ...f3!)} 16. Bxe8 $4 (16. Qd1 $16 f3 17. Qxf3) 16... f3 $1 {[%emt 0:00:30][%csl Gf3][%cal Rg5g2] Black mates.} 17. g4 {[%emt 0:01:04] [#]} Qh4 $1 18. Qf7 Qg3+ $1 {[%emt 0:01:04] Weighted Error Value: White=0.77/Black=0.27 (precise)} 0-1

[Event "Czech Open-Rapid 2022"]
[Site "Pardubice"]
[Date "2022.07.20"]
[Round "1.37"]
[White "Lang, Maximilian"]
[Black "Ibrahim, Emad Eldin"]
[Result "0-1"]
[ECO "A46"]
[WhiteElo "1408"]
[BlackElo "2028"]
[Annotator "TA"]
[PlyCount "74"]
[EventDate "2022.07.20"]
[EventType "swiss"]
[EventCountry "CZE"]
[SourceTitle "playchess.com"]
[Source "ChessBase"]
[SourceQuality "1"]
[TimeControl "1200+10"]

1. d4 Nf6 2. Nf3 c5 3. e3 g6 4. dxc5 Qa5+ 5. Bd2 Qxc5 6. Nc3 {[%emt 0:00:10] A48: 1 d4 Nf6 2 Nf3 g6: Torre, London and Colle Systems.} Bg7 {[%emt 0:00:05] [#]} 7. Rb1 $146 ({Predecessor:} 7. Bd3 a6 8. O-O O-O 9. e4 d6 10. h3 Nbd7 11. Be3 Qc7 12. Qe2 b5 13. Bf4 {½-½ (21) Pekar,K (2106)-Madar,M (2032) Slovakia 2019}) 7... O-O 8. Bd3 {[%emt 0:00:21] The position is equal.} d6 9. Ne4 (9. e4 $11) 9... Nxe4 $17 10. Bxe4 Nd7 11. O-O Nf6 12. Bd3 a5 (12... e5 $1 $15 13. Bc3 Qc6) 13. a3 ({Better is} 13. e4 $11) 13... a4 (13... e5 $1 $15 14. e4 d5) 14. Bc3 Bd7 15. Bb4 Qb6 16. Bc3 Rfc8 17. Bd4 Qa5 {[%emt 0:00:04] Strongly threatening ...e5.} 18. Bc3 Qc7 19. Qe1 Nd5 20. Bxg7 Kxg7 21. c3 Nb6 22. Nd4 Ra5 23. Qe2 e5 24. Nc2 d5 {[%emt 0:00:25] [#] aiming for ...e4.} 25. e4 (25. f3 $11) 25... dxe4 26. Bxe4 {[%emt 0:00:26] Loses the game.} (26. Qxe4 $17 {was the only defense.} Bf5 27. Qe2) 26... f5 $19 27. Bd3 e4 28. Bb5 $2 (28. Rfe1) 28... Bxb5 29. c4 Bxc4 30. Qd2 Rd5 31. Qc3+ Qe5 32. Qxe5+ Rxe5 33. Rfc1 Bd3 34. Ra1 Rxc2 35. Rxc2 Bxc2 36. Rc1 {[%emt 0:00:10] [#]} Rd5 $1 37. g3 (37. Rf1 Rb5) 37... Rd1+ {[%emt 0:00:02] Weighted Error Value: White=0.97/Black=0.10 (very precise)} 0-1

[Event "Czech Open-Rapid 2022"]
[Site "Pardubice"]
[Date "2022.07.20"]
[Round "1.38"]
[White "Contos, Vaclav sr"]
[Black "Mikolas, Petr"]
[Result "1-0"]
[ECO "E81"]
[WhiteElo "2074"]
[BlackElo "1555"]
[Annotator "TA"]
[PlyCount "141"]
[EventDate "2022.07.20"]
[EventType "swiss"]
[EventCountry "CZE"]
[SourceTitle "playchess.com"]
[Source "ChessBase"]
[SourceQuality "1"]
[TimeControl "1200+10"]

1. d4 Nf6 2. c4 g6 3. f3 Bg7 4. e4 d6 5. Nc3 O-O 6. Nge2 Nbd7 7. Bg5 c5 8. Qd2 {[%emt 0:00:07] E81: King's Indian: Sämisch: 6th move deviations (including 6 Be3 c6).} cxd4 9. Nxd4 a6 10. Be2 {[%emt 0:00:09] White is better.} Re8 {[%emt 0:01:48] [#]} 11. Rc1 $146 ({Predecessor:} 11. O-O Qc7 12. Kh1 Nc5 13. Rac1 Ne6 14. Nd5 Qc5 15. Nb3 Qc6 16. Na5 Qc5 17. Be3 {1-0 (25) Jakobsen,O (2387)-Hartsteen,M (1973) Copenhagen 2006}) 11... Nc5 12. O-O Ne6 13. Be3 Qc7 (13... Nxd4 $14 14. Bxd4 (14. Qxd4 Ng4 $11) 14... Qa5) 14. Nxe6 (14. Nd5 $16 Qb8 15. Nb6) 14... fxe6 (14... Bxe6 $14 15. Nd5 Bxd5 16. cxd5 Qd7) 15. Na4 Nd7 16. Rc2 (16. c5 $16) 16... Nc5 $14 17. Nc3 b6 18. b4 Nd7 19. Na4 (19. Rd1 $16) 19... a5 20. c5 axb4 $2 (20... bxc5 $16 {is a better chance.} 21. bxc5 Nxc5) 21. Nxb6 $2 (21. cxb6 $18 {is the precise move to win.} Qd8 22. Bb5) 21... Rb8 $16 22. Nxc8 Rexc8 23. Ba6 Bc3 {[%emt 0:01:03] [#]} 24. Qe2 (24. cxd6 $1 $16 Qa5 25. Qe2) 24... Rd8 25. Bc4 {[%emt 0:00:25] A strong pair of Bishops.} Nxc5 26. Bxc5 (26. a3 $11) 26... Qxc5+ $15 27. Kh1 Kg7 (27... d5 $15 28. Bb3 Kh8) 28. Bxe6 $11 Kf6 29. Bb3 Kg7 30. f4 Rf8 31. f5 gxf5 32. exf5 Qe5 ({Black should play} 32... Kh8 $14) 33. Qg4+ $16 ({But not} 33. Qh5 e6 $14) 33... Kh8 34. Re2 Qb5 35. Bc4 Qd7 36. Qe4 {[%emt 0:01:13] 0x0.00198a07bc75dp-1022s more active pieces.} Be5 37. Be6 $2 {[%emt 0:00:12][%mdl 8192] [#]} (37. Re3 $16) 37... Qb7 $2 ({Black should try} 37... Qxe6 $1 $19 38. g3 Qf7) 38. Qxb7 (38. Qc2 $16) 38... Rxb7 $14 39. g4 h6 40. Rc1 Kg7 41. Rc4 (41. Re4 $11 {might be stronger.}) 41... Kf6 (41... b3 $15 42. axb3 Rxb3) 42. Re3 Rfb8 43. Rh3 b3 $2 (43... Kg7 $11) 44. Rxh6+ $18 Kg7 45. Rg6+ Kh7 {[%emt 0:00:10] ( -> ...b2)} 46. g5 (46. axb3 Rxb3 47. Rc8 Rxc8 48. Bxb3 Rb8 $14) 46... Rb4 47. Rxb4 Rxb4 48. Bxb3 {[%emt 0:00:00][%mdl 4096] Endgame KRB-KRB} Rg4 $2 (48... Rh4 49. Re6 Kh8 50. Rxe7 Rxh2+ 51. Kg1 Rh5) 49. Rh6+ Kg7 50. Rh5 Bf4 51. g6 {[%emt 0:00:14] And now Rh7+ would win.} Bh6 52. Rh3 (52. Be6 $18 {[%cal Of5f6] Threatens to win with f6+!} Rd4 53. Kg2) 52... Rf4 $16 53. Be6 (53. Bc2 $16) 53... Ra4 54. Rg3 Kf6 $2 (54... Rd4 {was necessary.} 55. Ra3 Rd2) 55. Rg2 $2 (55. g7 Bxg7 56. Rg6+ Ke5 57. Rxg7) 55... Bg7 $18 56. Kg1 Ke5 (56... Rd4 $142 57. Rg3 Rd1+ 58. Kg2 Rd2+ 59. Kh3 d5) 57. Re2+ Kf4 58. Kg2 Bf6 (58... d5 {keeps fighting.} 59. h4 (59. Bxd5 Kxf5 60. Bb3 Rg4+ 61. Kh3 Kg5 $16) 59... d4 60. Rf2+ Ke5) 59. h3 Kg5 60. Rf2 Ra3 61. Rf3 Ra4 62. Rg3+ Kh6 63. Bb3 Rf4 64. Rf3 Rb4 65. Kf2 Kg5 66. Rg3+ Kh6 67. Ke2 Rf4 68. Be6 {[%emt 0:00:10] Black must now prevent Rg4.} Kg7 $2 (68... Ra4 69. Kf3 Ra3+ 70. Bb3 Ra5) 69. Rg4 {[%emt 0:00:28] White is clearly winning.} Rxg4 70. hxg4 {[%emt 0:00:01] Threatening mate with Kd3.} Kh6 71. a4 {[%emt 0:00:04] Weighted Error Value: White=0.60/Black=0.58} (71. Kd3 $142 Bh4 72. a4) 1-0

[Event "Czech Open-Rapid 2022"]
[Site "Pardubice"]
[Date "2022.07.20"]
[Round "1.39"]
[White "Cermak, Dusan"]
[Black "Dosedel, Jiri"]
[Result "0-1"]
[ECO "B07"]
[WhiteElo "1684"]
[BlackElo "2008"]
[Annotator "TA"]
[PlyCount "48"]
[EventDate "2022.07.20"]
[EventType "swiss"]
[EventCountry "CZE"]
[SourceTitle "playchess.com"]
[Source "ChessBase"]
[SourceQuality "1"]
[TimeControl "1200+10"]

1. e4 d6 2. d4 Nf6 3. Nc3 g6 4. Be3 c6 5. f3 b5 6. a3 a6 {[%emt 0:00:03] B07: Pirc Defence: Miscellaneous Systems.} 7. Qd2 Nbd7 8. Bh6 {[%emt 0:00:10] [#]} ({Better is} 8. g4 $14) 8... Bb7 $146 {[%emt 0:00:15] The position is equal.} ({Predecessor:} 8... e5 9. Bxf8 Nxf8 10. f4 Qe7 11. Nf3 exd4 12. Qxd4 c5 13. Qd3 Bb7 14. O-O-O Nxe4 {0-1 (24) Flis,J (2291)-Mista,A (2443) Polanica Zdroj 2004}) 9. Bxf8 Rxf8 10. g4 c5 11. h4 cxd4 12. Qxd4 Qb6 13. Qd3 (13. Nge2 $11) 13... Ne5 $17 {[%emt 0:00:13] Black is more active.} 14. Qd1 {[%emt 0:00:25] Loses the game.} (14. Qe2 $17) 14... Rc8 {[%emt 0:00:09][%cal Oc8c3] And now ...Rxc3! would win.} 15. Bh3 $2 (15. Be2) 15... Qe3+ $19 16. Qe2 Rxc3 17. g5 {[%emt 0:01:33] [#]} (17. Qxe3 $142 Rxe3+ 18. Kf2 Nfxg4+ 19. Bxg4 Nxg4+ 20. fxg4 Rxe4 21. Rh2) 17... Nxe4 $1 18. fxe4 Bxe4 19. bxc3 Qxc3+ 20. Kf2 Bxh1 21. Rd1 f6 {[%emt 0:00:02][%cal Bf7f6,Bf6g5][%mdl 32] [#] ( -> ...fxg5+)} 22. Rd2 fxg5+ {[%emt 0:00:03] Black mates.} 23. Ke1 Qg3+ 24. Qf2 Rxf2 {[%emt 0:00:02] Weighted Error Value: White=1.54/Black=0.26 (precise)} 0-1

[Event "Czech Open-Rapid 2022"]
[Site "Pardubice"]
[Date "2022.07.20"]
[Round "1.40"]
[White "Jonsson, Gauti Pall"]
[Black "Halousek, Jaroslav"]
[Result "1-0"]
[ECO "B23"]
[WhiteElo "2071"]
[BlackElo "1562"]
[Annotator "TA"]
[PlyCount "73"]
[EventDate "2022.07.20"]
[EventType "swiss"]
[EventCountry "CZE"]
[SourceTitle "playchess.com"]
[Source "ChessBase"]
[SourceQuality "1"]
[TimeControl "1200+10"]

1. e4 c5 2. Nc3 g6 3. d4 cxd4 4. Qxd4 Nf6 5. Bb5 a6 6. e5 {[%emt 0:00:04] B23: Closed Sicilian: Lines without g3.} axb5 7. exf6 Nc6 8. Qe4 (8. Qd3 $11) 8... e6 {[%emt 0:02:41] [#] ...b4 is the strong threat.} (8... d5 $5 9. fxe7 (9. Nxd5 Ra4 $17) (9. Qxd5 Nd4 $15) 9... Bxe7 10. Nxd5 f5 $17) 9. Nd5 $146 {[%emt 0:01:31] [#]} (9. Nf3 $11 {and White has nothing to worry.}) ({Predecessor:} 9. Nxb5 Qa5+ 10. Nc3 d5 11. Qd3 d4 12. Bd2 dxc3 13. Bxc3 Bb4 14. Ne2 Bxc3+ 15. Nxc3 {0-1 (32) Ghomi,P (1948)-Velpula,S (1717) Mumbai 2019}) 9... Ra4 $19 10. Qe3 Rd4 (10... Nd4 $19 11. Qd3 exd5) 11. Ne7 Bxe7 (11... Rc4 $17 {Strongly threatening ...Nd4.} 12. b3 Rxc2) 12. fxe7 $15 Qxe7 13. c3 Rd5 {[%emt 0:00:36] [#] Threatens to win with ...Re5.} 14. Nf3 {[%emt 0:00:18] Against Re5} Qf6 15. O-O O-O 16. Re1 d6 17. b3 (17. Qb6 $15) 17... Nb4 $17 18. Qe2 {[%emt 0:01:25] Against Nc2} Nd3 ({Don't take} 18... Qxc3 19. Bd2 Rxd2 20. Nxd2 $14 (20. Qxd2 $2 {is the wrong capture.} Qxd2 21. Nxd2 Nc2 $19)) 19. Rd1 Nxc1 ({Black should try} 19... Qxc3 $17 20. Bh6 Re8) 20. Raxc1 $15 Rxd1+ 21. Qxd1 ({Better is} 21. Rxd1 $15 Qxc3 22. Rxd6) 21... Bd7 (21... Qf4 $17) 22. Qxd6 $11 Bc6 23. Qe5 Qxe5 (23... Kg7 $5) 24. Nxe5 Rd8 25. Nxc6 bxc6 {[%emt 0:00:01][%mdl 4096] Endgame KR-KR} 26. a4 bxa4 27. bxa4 Ra8 28. Ra1 Ra5 29. Kf1 f5 30. Ke2 Kf7 31. Kd3 e5 32. Kc4 Ke6 33. Kb4 Ra8 34. Kc5 e4 (34... Ra6 $14) 35. a5 (35. Kxc6 $16 {And now a5 would win.} Rc8+ 36. Kb5) 35... Kd7 ({Black should play} 35... Ra6 $1 $14) 36. a6 $16 {[%emt 0:00:16] Hoping for g3.} f4 (36... Kc7 $16 {was necessary.}) 37. Kd4 {[%emt 0:00:12] Weighted Error Value: White=0.23 (precise) /Black=0.27 (precise)} 1-0